 Dungeon Crawl Stone Soup version 0.28.0-45-g0d030f2227 (webtiles) character file.

Game seed: 10329342943234082040

489 Bruhh the Digger (level 7, -3/41 HPs)
             Began as a Gargoyle Earth Elementalist on Apr 22, 2022.
             Slain by a killer bee (5 damage)
             ... on level 6 of the Dungeon.
             The game lasted 00:15:27 (8780 turns).

Bruhh the Digger (Gargoyle Earth Elementalist)      Turns: 8780, Time: 00:15:28

Health: -3/41      AC:  6    Str: 11    XL:     7   Next: 14%
Magic:  0/14       EV: 11    Int: 21    God:
Gold:   284        SH:  0    Dex: 10    Spells: 15/16 levels left

rFire   . . .      SeeInvis .   h - +12 flail of Imuytog {freeze, rElec Int+3}
rCold   . . .      Faith    .   (no shield)
rNeg    + . .      Spirit   +   b - +0 robe
rPois   ∞          Reflect  .   (no helmet)
rElec   +          Harm     .   (no cloak)
rCorr   .          Rampage  .   (no gloves)
Will    .....                   (no boots)
Stlth   ++........              f - amulet of guardian spirit
HPRegen 0.13/turn               (no ring)
MPRegen 0.14/turn               (no ring)

@: no status effects
A: sickness immunity, AC +4, negative energy resistance 1, electricity
resistance, torment resistance 1, petrification resistance
a: no special abilities


You were on level 6 of the Dungeon.
You visited 1 branch of the dungeon, and saw 6 of its levels.
You also visited: Ossuary.

You collected 284 gold pieces.

Inventory:

Hand Weapons
 h - the +12 flail of Imuytog (weapon) {freeze, rElec Int+3}
   (You found it on level 5 of the Dungeon)

   It freezes those it strikes, dealing additional cold damage.
   It can also slow down cold-blooded creatures.
   Int:       It affects your intelligence (+3).
   rElec:     It insulates you from electricity.
 l - a +0 mace
 m - a +0 dagger of speed
 p - a +2 dagger of distortion
 q - a +1 spear of flaming
Missiles
 o - 46 stones
Armour
 b - a +0 robe (worn)
Jewellery
 f - an amulet of guardian spirit (around neck)
 t - a ring of ice
Scrolls
 a - 2 scrolls of amnesia
 c - a scroll of vulnerability
 e - a scroll of fog
 g - 2 scrolls of blinking
 i - 2 scrolls of identify
 j - a scroll of acquirement {unknown}
 s - a scroll of teleportation
 u - a scroll of magic mapping
Potions
 d - a potion of lignification
 k - a potion of flight {unknown}
 n - 6 potions of curing {unknown}
 r - a potion of heal wounds {unknown}


   Skills:
 + Level 3.4 Fighting
 - Level 1.5 Dodging
 - Level 2.1 Stealth
 - Level 5.0 Spellcasting
 - Level 0.7 Transmutations
 - Level 6.0 Earth Magic


You had 15 spell levels left.
You knew the following spells:

 Your Spells              Type           Power      Damage    Failure   Level
a - Sandblast             Erth           60%        2d14      1%          1

Your spell library contained the following spells:

 Spells                   Type           Power      Damage    Failure   Level
 Passwall                 Tmut/Erth      15%        N/A       4%          2
 Stone Arrow              Conj/Erth      34%        3d9       10%         3
 Corpse Rot               Necr/Air       10%        N/A       16%         2
 Poisonous Vapours        Pois/Air       10%        N/A       16%         2
 Petrify                  Tmut/Erth      19%        N/A       26%         4


Dungeon Overview and Level Annotations

Branches:
Dungeon (6/15)             Temple (0/1) D:5         Ossuary (visited)

Altars:
Xom

Shops:
D:3 (


Innate Abilities, Weirdness & Mutations

You are immune to sickness and miasma.
Your stone body is resilient. (AC +4)
You are immune to poison.
You resist negative energy. (rN+)
You are resistant to electric shocks. (rElec)
You are resistant to unholy torment.
You are immune to petrification.


Message History

The killer bee misses you. The killer bee stings you.
The killer bee closely misses you. The killer bee stings you!
You closely miss the killer bee.
The killer bee is severely wounded.
The killer bee stings you. The killer bee barely misses you.
The killer bee closely misses you. The killer bee stings you.
* * * LOW HITPOINT WARNING * * *
The killer bee stings you.
* * * LOW HITPOINT WARNING * * *
The killer bee barely misses you. The killer bee stings you.
* * * LOW HITPOINT WARNING * * *
The killer bee barely misses you. The killer bee closely misses you.
The killer bee misses you.
The killer bee stings you but does no damage.
The killer bee stings you!
* * * LOW HITPOINT WARNING * * *
The killer bee stings you but does no damage.
The killer bee misses you.
The killer bee stings you but does no damage.
The killer bee barely misses you.
The killer bee stings you but does no damage.
The killer bee barely misses you.
The killer bee stings you but does no damage.
Casting: Sandblast (safe; 1% risk of failure)
Confirm with . or Enter, or press ? or * to list all spells.
Aiming: Sandblast (safe; 1% risk of failure)
Press: ? - help, Shift-Dir - straight line, f/p - killer bee
Aim: a killer bee (severely wounded, 63% to hit)
The blast of sand hits the killer bee!
The killer bee is severely wounded.
The killer bee closely misses you. The killer bee misses you.
The killer bee stings you.
* * * LOW HITPOINT WARNING * * *
The killer bee barely misses you. The killer bee misses you.
The killer bee closely misses you.
The killer bee stings you but does no damage.
The killer bee stings you.
You die...

..# ... #.#.#
#.#.# #.# #
#.#.# #.# +
#.#.# #.# +
#...###### #.#
#....@yy.# #.#
### #._.####.#
#.# #.## #...#
#.# #.####.##
#...#
#.#####.#......
#.#.#
#..........#...
#.#.#
#######...###..
#.#.# ##...#...
#.#.# #.......
#...# #.#..##.


You could see 2 killer bees.

Vanquished Creatures
  2 scorpions (D:5)
  A killer bee (D:6)
  4 iguanas
  3 mummies (Ossuary)
  A howler monkey zombie (D:5)
  4 adders
  3 gnolls
  4 worms
  3 dart slugs
  4 orcs (D:4)
  2 bats (D:1)
  8 endoplasms
  6 giant cockroaches
  3 hobgoblins
  11 jackals
  8 kobolds
  2 quokkas
  7 ball pythons
  5 frilled lizards (D:1)
  8 goblins
  7 rats
96 creatures vanquished.

Vanquished Creatures (others)
  4 withered plants (Ossuary)
4 creatures vanquished.

Grand Total: 100 creatures vanquished

Notes
Turn   | Place    | Note
-------+----------+-------------------------------------------
     0 | D:1      | Bruhh the Gargoyle Earth Elementalist began the quest for
                  | the Orb.
     0 | D:1      | Reached XP level 1. HP: 10/10 MP: 3/3
   176 | D:1      | Reached skill level 4 in Earth Magic
   372 | D:1      | Reached XP level 2. HP: 15/15 MP: 3/5
   672 | D:1      | Reached XP level 3. HP: 6/19 MP: 2/6
   922 | D:1      | Reached skill level 5 in Earth Magic
  1990 | D:1      | Reached XP level 4. HP: 10/24 MP: 3/7
  2761 | D:2      | Reached skill level 6 in Earth Magic
  4955 | D:2      | Reached XP level 5. HP: 9/28 MP: 3/9
  5434 | D:3      | Found a faded altar of an unknown god.
  5562 | D:3      | Found Kidick's Antique Weapon Shoppe.
  7028 | D:5      | Entered Level 5 of the Dungeon
  7037 | D:5      | Found a sand-covered staircase.
  7044 | Ossuary  | Entered an ossuary
  7056 | Ossuary  | Reached XP level 6. HP: 30/32 MP: 4/12
  7447 | D:5      | Reached skill level 5 in Spellcasting
  7447 | D:5      | HP: 1/32 [iguana (7)]
  7479 | D:5      | Reached skill level 1 in Fighting
  7932 | D:5      | Reached XP level 7. HP: 33/40 MP: 6/14
  7935 | D:5      | Identified the +12 flail of Imuytog {freeze, rElec Int+3}
  8080 | D:5      | Found a staircase to the Ecumenical Temple.
  8714 | D:6      | Found a shimmering altar of Xom.
  8763 | D:6      | HP: 1/41 [killer bee (5)]
  8775 | D:6      | HP: 1/41 [killer bee (1)]
  8780 | D:6      | Slain by a killer bee

Illustrated notes

Levels and vault maps discovered:
D:1:      lightli_molten_gateway, layout_basic, minivault_26, nrook_campfire,
          chequers_mini_garden
D:2:      layout_basic, minmay_bisected
D:3:      layout_basic, ebering_ecumenical_altar_rust, serial_shops, shop
D:4:      layout_rooms, cheibrodos_sewer_entry_bend
D:5:      layout_basic, minmay_temple_entry_from_below_b,
          lightli_ossuary_entry_decrepit_ruins
D:6:      layout_loops_ring, mainiacjoe_overflow_boulevard,
          mainiacjoe_overflow_big_doors, nicolae_yredelemnul_corpse_copse,
          amcnicky_mini_corridor_feature, chequers_serial_rivers_small_b,
          nicolae_underground_beach

Skill      XL: |  1  2  3  4  5  6  7 |
---------------+----------------------+-----
Earth Magic    | 4 5 6 |  6.0
Spellcasting   | 4 5 |  5.0
Fighting       | 2 3 |  3.4
Dodging        | |  1.5
Stealth        | |  2.1
Transmutations | |  0.7

Action                   |  1- 3 |  4- 6 |  7- 9 || total
-------------------------+-------+-------+-------++-------
Melee: Unarmed           |    32 |       |       ||    32
       Mace              |    10 |       |       ||    10
       Dagger            |       |   134 |       ||   134
       Punch             |       |     3 |       ||     3
       Spear             |       |    98 |       ||    98
       Flail             |       |       |     1 ||     1
 Cast: Sandblast         |    48 |    34 |     6 ||    88
  Use: Scroll            |       |     9 |       ||     9
       Potion            |       |     1 |       ||     1
 Stab: Sleeping          |       |     2 |       ||     2
Armor: Robe              |    42 |    40 |     7 ||    89
Dodge: Dodged            |    54 |   100 |    20 ||   174
